| TOP OF THE 1ST |
|---|
| Florida Gators batting - Pitching for Boston College Eagles : RHP John McConnell | | Pitching: RHP John McConnell | | | Batting: LHB Justin Cody | 0-0: Ball 1-0: Foul Ball, location: 2F 1-1: Fly out, F7 (Flyball, 7LM) | | Batting: SHB Matt Lewis | 0-0: Ball 1-0: Called Strike 1-1: Ball 2-1: Ball 3-1: Base on Balls | | Batting: LHB Eric Halweg | 0-0: Called Strike 0-1: Ball 1-1: Foul Ball, location: 2F 1-2: Ball 2-2: Fielders Choice at 2nd, 3-6 (Groundball, 3) | | Batting: LHB Abe Canuso | 0-0: Called Strike 0-1: Swinging Strike 0-2: Ball 1-2: Ball 2-2: Foul Ball, location: 2F 2-2: Foul Ball, location: 2F 2-2: SINGLE (Groundball, 56D) Eric Halweg to second | | Batting: RHB Christian Brown | 0-0: Fly out, F1 (Line Drive, 15) | | Top of the 1st over - 0 runs, 1 hit, 0 errors, 2 left on base; Florida 0 - Boston College 0 | | BOTTOM OF THE 1ST |
|---|
| Boston College Eagles batting - Pitching for Florida Gators : LHP Victor Acevedo | | Pitching: LHP Victor Acevedo | | | Batting: RHB Bobby Krueger | 0-0: Foul Ball, location: 2F 0-1: Foul Ball, location: 2F 0-2: Ball 1-2: Ball 2-2: Ball 3-2: Foul Ball, location: 2F 3-2: Base on Balls | | Batting: RHB Jaylen Richardson | 0-0: Ball 1-0: DOUBLE (Line Drive, 89XD) Bobby Krueger to third | | Batting: RHB Luke Gregoire | 0-0: SINGLE (Flyball, 9S) Bobby Krueger scores Jaylen Richardson to third | | Batting: RHB Danny Carson | 0-0: Called Strike 0-1: Called Strike Error on foul ball, E2 0-2: Ball 1-2: Fly out, F8 (Flyball, 8RD) Runner from 3rd tags up, SCORES, throw made | | Batting: LHB Chris Gurski | 0-0: Swinging Strike 0-1: Ball 1-1: Foul Ball, location: 2F 1-2: Ball 2-2: Foul Ball, location: 2F 2-2: Fly out, F8 (Flyball, 8RS) | | Batting: RHB Bob Stevens | 0-0: Called Strike 0-1: Fly out, F4 (Line Drive, 4) | | Bottom of the 1st over - 2 runs, 2 hits, 1 error, 1 left on base; Florida 0 - Boston College 2 | | TOP OF THE 2ND |
|---|
| Florida Gators batting - Pitching for Boston College Eagles : RHP John McConnell | | Batting: LHB Adam Winston | 0-0: Ball 1-0: Ball 2-0: Called Strike 2-1: Ball 3-1: SINGLE (Groundball, 34D) | | Batting: RHB Aaron Eller | 0-0: Ball 1-0: Ball 2-0: Ball 3-0: Base on Balls Adam Winston to second | | Batting: RHB Logan Jones | 0-0: Ball 1-0: Foul Ball, location: 2F 1-1: Ball 2-1: Ball 3-1: Base on Balls Adam Winston to third Aaron Eller to second | | Batting: LHB Andres Dominguez | 0-0: Ball 1-0: Ball 2-0: Called Strike 2-1: Hit by Pitch Adam Winston scores Aaron Eller to third Logan Jones to second | | Batting: LHB Justin Cody | 0-0: Called Strike 0-1: Swinging Strike 0-2: Foul Ball, location: 2F 0-2: Foul Ball, location: 2F 0-2: Ball 1-2: Fielders Choice at 2nd, 3-6 (Groundball, 34) Aaron Eller scores Logan Jones to third | | Batting: SHB Matt Lewis | 0-0: Ball 1-0: Called Strike 1-1: Ball 2-1: Ball 3-1: Base on Balls Justin Cody to second | | Batting: LHB Eric Halweg | 0-0: Ground out 4-3 (Groundball, 4M) Logan Jones scores Justin Cody to third Matt Lewis to second | | Batting: LHB Abe Canuso | 0-0: Called Strike 0-1: Ball Wild Pitch! Justin Cody scores Matt Lewis to third 1-1: Ball 2-1: SINGLE (Groundball, 4MD) Matt Lewis scores | | Batting: RHB Christian Brown | 0-0: Ball Abe Canuso is caught stealing 2nd base | | Top of the 2nd over - 5 runs, 2 hits, 0 errors, 0 left on base; Florida 5 - Boston College 2 | | BOTTOM OF THE 2ND |
|---|
| Boston College Eagles batting - Pitching for Florida Gators : LHP Victor Acevedo | | Batting: RHB Pete Rodgers | 0-0: Ball 1-0: Called Strike 1-1: SINGLE (Groundball, 6D) | | Batting: RHB Garrett DuBose | 0-0: Called Strike 0-1: Ball 1-1: Ball 2-1: Foul Ball, location: 2F 2-2: Grounds into double play, 5-4-3 (Groundball, 56) | | Batting: LHB Aaron Kolkmeier | 0-0: Ball 1-0: Foul Ball, location: 2F 1-1: Ground out 3-1 (Groundball, 34) | | Bottom of the 2nd over - 0 runs, 1 hit, 0 errors, 0 left on base; Florida 5 - Boston College 2 | | TOP OF THE 3RD |
|---|
| Florida Gators batting - Pitching for Boston College Eagles : RHP John McConnell | | Batting: RHB Christian Brown | 0-0: Ball 1-0: Called Strike 1-1: Fly out, F8 (Flyball, 8LD) | | Batting: LHB Adam Winston | 0-0: Ball 1-0: Ball 2-0: Foul Ball, location: 2F 2-1: Called Strike 2-2: Ball 3-2: Foul Ball, location: 2F 3-2: Base on Balls | | Batting: RHB Aaron Eller | 0-0: Fly out, F9 (Flyball, 9LM) | | Batting: RHB Logan Jones | 0-0: Ball 1-0: Ball 2-0: Ball 3-0: Base on Balls Adam Winston to second | | Batting: LHB Andres Dominguez | 0-0: Ball 1-0: Ball 2-0: Ball 3-0: Called Strike 3-1: Base on Balls Adam Winston to third Logan Jones to second | | Batting: LHB Justin Cody | 0-0: Called Strike 0-1: Ball 1-1: Ball 2-1: Ball 3-1: Called Strike 3-2: Fly out, F7 (Flyball, 7) | | Top of the 3rd over - 0 runs, 0 hits, 0 errors, 3 left on base; Florida 5 - Boston College 2 | | BOTTOM OF THE 3RD |
|---|
| Boston College Eagles batting - Pitching for Florida Gators : LHP Victor Acevedo | | Batting: RHB Bobby Krueger | 0-0: Called Strike 0-1: Foul Ball, location: 2F 0-2: Ground out 6-3 (Groundball, 56) | | Batting: RHB Jaylen Richardson | 0-0: Ground out 4-3 (Groundball, 4M) | | Batting: RHB Luke Gregoire | 0-0: Ball 1-0: Ground out 6-3 (Groundball, 6) | | Bottom of the 3rd over - 0 runs, 0 hits, 0 errors, 0 left on base; Florida 5 - Boston College 2 | | TOP OF THE 4TH |
|---|
| Florida Gators batting - Pitching for Boston College Eagles : RHP John McConnell | | Batting: SHB Matt Lewis | 0-0: Called Strike 0-1: Swinging Strike 0-2: Ball 1-2: Ball 2-2: Strikes out swinging | | Batting: LHB Eric Halweg | 0-0: Ball 1-0: Called Strike 1-1: Ball 2-1: Foul Ball, location: 2F 2-2: Hit by Pitch | | Batting: LHB Abe Canuso | 0-0: Ball 1-0: Called Strike 1-1: Swinging Strike 1-2: Ground out 3-1 (Groundball, 34S) Eric Halweg to second | | Batting: RHB Christian Brown | 0-0: Foul Ball, location: 2F 0-1: Ball 1-1: Called Strike 1-2: Strikes out looking | | Top of the 4th over - 0 runs, 0 hits, 0 errors, 1 left on base; Florida 5 - Boston College 2 | | BOTTOM OF THE 4TH |
|---|
| Boston College Eagles batting - Pitching for Florida Gators : LHP Victor Acevedo | | Batting: RHB Danny Carson | 0-0: Ground out 4-3 (Groundball, 4) | | Batting: LHB Chris Gurski | 0-0: Ball 1-0: Called Strike 1-1: Foul Ball, location: 2F 1-2: Fly out, F3 (Popup, 3S) | | Batting: RHB Bob Stevens | 0-0: Called Strike 0-1: Foul Ball, location: 2F 0-2: Ground out 6-3 (Groundball, 6) | | Bottom of the 4th over - 0 runs, 0 hits, 0 errors, 0 left on base; Florida 5 - Boston College 2 | | TOP OF THE 5TH |
|---|
| Florida Gators batting - Pitching for Boston College Eagles : RHP John McConnell | | Batting: LHB Adam Winston | 0-0: Ball 1-0: Swinging Strike 1-1: Called Strike 1-2: Ball 2-2: Ball 3-2: Base on Balls | | Batting: RHB Aaron Eller | 0-0: Bunted foul 0-1: Bunted foul 0-2: Ball 1-2: Fly out, F2 (Popup, 2LF) | | Batting: RHB Logan Jones | 0-0: Ball 1-0: Ball 2-0: Called Strike 2-1: Foul Ball, location: 2F 2-2: Fielders Choice at 2nd, 1-6 (Groundball, 13) | | Batting: LHB Andres Dominguez | 0-0: Ball 1-0: Swinging Strike 1-1: Foul Ball, location: 2F 1-2: Ball 2-2: Fly out, F8 (Flyball, 89D) | | Top of the 5th over - 0 runs, 0 hits, 0 errors, 1 left on base; Florida 5 - Boston College 2 | | BOTTOM OF THE 5TH |
|---|
| Boston College Eagles batting - Pitching for Florida Gators : LHP Victor Acevedo | | Batting: RHB Pete Rodgers | 0-0: Ball 1-0: SINGLE (Groundball, 56D) | | Batting: RHB Garrett DuBose | 0-0: Bunt - Flyout! F1 | | Batting: LHB Aaron Kolkmeier | 0-0: Ball 1-0: Foul Ball, location: 2F 1-1: Ball 2-1: Swinging Strike 2-2: Ball 3-2: Base on Balls Pete Rodgers to second | | Batting: RHB Bobby Krueger | 0-0: Ball 1-0: Fly out, F7 (Flyball, 7D) | | Batting: RHB Jaylen Richardson | 0-0: Fielders Choice at 2nd, U6 (Groundball, 6M) | | Bottom of the 5th over - 0 runs, 1 hit, 0 errors, 2 left on base; Florida 5 - Boston College 2 | | TOP OF THE 6TH |
|---|
| Florida Gators batting - Pitching for Boston College Eagles : RHP John McConnell | | Batting: LHB Justin Cody | 0-0: Ball 1-0: Called Strike 1-1: Ball 2-1: Swinging Strike 2-2: Ball 3-2: Fly out, F4 (Line Drive, 4) | | Batting: SHB Matt Lewis | 0-0: Called Strike 0-1: Ball 1-1: Foul Ball, location: 2F 1-2: Strikes out swinging | | Batting: LHB Eric Halweg | 0-0: Called Strike 0-1: Ball 1-1: Ball 2-1: Fly out, F8 (Flyball, 8RS) | | Top of the 6th over - 0 runs, 0 hits, 0 errors, 0 left on base; Florida 5 - Boston College 2 | | BOTTOM OF THE 6TH |
|---|
| Boston College Eagles batting - Pitching for Florida Gators : LHP Victor Acevedo | | Batting: RHB Luke Gregoire | 0-0: Ball 1-0: Ball 2-0: Foul Ball, location: 2F 2-1: Called Strike 2-2: Fly out, F5 (Popup, 5F) | | Batting: RHB Danny Carson | 0-0: Ground out 4-3 (Groundball, 4) | | Batting: LHB Chris Gurski | 0-0: Foul Ball, location: 2F 0-1: Ball 1-1: SINGLE (Groundball, 4MD) | | Batting: RHB Bob Stevens | 0-0: Ball 1-0: Swinging Strike 1-1: Called Strike 1-2: Fielders Choice at 2nd, 5-4 (Groundball, 5) | | Bottom of the 6th over - 0 runs, 1 hit, 0 errors, 1 left on base; Florida 5 - Boston College 2 | | TOP OF THE 7TH |
|---|
| Florida Gators batting - Pitching for Boston College Eagles : RHP John McConnell | | Batting: LHB Abe Canuso | 0-0: Fly out, F9 (Line Drive, 9LS) | | Batting: RHB Christian Brown | 0-0: Called Strike 0-1: Ball 1-1: Ball 2-1: Swinging Strike 2-2: Ball 3-2: Strikes out looking | | Batting: LHB Adam Winston | 0-0: Called Strike 0-1: Swinging Strike 0-2: Ball 1-2: Fly out, F8 (Flyball, 8RM) | | Top of the 7th over - 0 runs, 0 hits, 0 errors, 0 left on base; Florida 5 - Boston College 2 | | BOTTOM OF THE 7TH |
|---|
| Boston College Eagles batting - Pitching for Florida Gators : LHP Victor Acevedo | | Batting: RHB Pete Rodgers | 0-0: Ball 1-0: Ball 2-0: Called Strike 2-1: Fly out, F9 (Flyball, 9) | | Batting: RHB Garrett DuBose | 0-0: Ball 1-0: Fly out, F7 (Flyball, 7D) | | Batting: LHB Aaron Kolkmeier | 0-0: Ball 1-0: Ball 2-0: Called Strike 2-1: Fly out, F9 (Flyball, 9D) | | Bottom of the 7th over - 0 runs, 0 hits, 0 errors, 0 left on base; Florida 5 - Boston College 2 | | TOP OF THE 8TH |
|---|
| Florida Gators batting - Pitching for Boston College Eagles : RHP John McConnell | | Batting: RHB Aaron Eller | 0-0: Ground out 4-3 (Groundball, 4) | | Batting: RHB Logan Jones | 0-0: Ball 1-0: Ball 2-0: Ball 3-0: Base on Balls | | Pitching: RHP Ron Moline | | | Batting: LHB Andres Dominguez | 0-0: Fly out, F7 (Flyball, 7) | | Batting: LHB Justin Cody | 0-0: Called Strike 0-1: SINGLE (Groundball, 4MD) Logan Jones to second | | Batting: SHB Matt Lewis | 0-0: Ball 1-0: Foul Ball, location: 2F 1-1: Called Strike 1-2: Ball 2-2: Ball 3-2: Base on Balls Logan Jones to third Justin Cody to second | | Batting: LHB Eric Halweg | 0-0: Foul Ball, location: 2F 0-1: Ball 1-1: Ground out 4-3 (Groundball, 4) | | Top of the 8th over - 0 runs, 1 hit, 0 errors, 3 left on base; Florida 5 - Boston College 2 | | BOTTOM OF THE 8TH |
|---|
| Boston College Eagles batting - Pitching for Florida Gators : LHP Victor Acevedo | | Batting: RHB Bobby Krueger | 0-0: Ball 1-0: Ball 2-0: Called Strike 2-1: Foul Ball, location: 2F 2-2: Ball 3-2: Base on Balls | | Batting: RHB Jaylen Richardson | 0-0: Ball 1-0: SINGLE (Groundball, 6MD) Bobby Krueger to second Runner from 2nd tries for 3rd, SAFE, no throw | | Batting: RHB Luke Gregoire | 0-0: Fly out, F4 (Line Drive, 34) Lined into DP, 4-5 (Line Drive, 34) | | Batting: RHB Danny Carson | 0-0: Fielders Choice at 2nd, 6-4 (Groundball, 6) | | Bottom of the 8th over - 0 runs, 1 hit, 0 errors, 1 left on base; Florida 5 - Boston College 2 | | TOP OF THE 9TH |
|---|
| Florida Gators batting - Pitching for Boston College Eagles : RHP Ron Moline | | Batting: LHB Abe Canuso | 0-0: Swinging Strike 0-1: Swinging Strike 0-2: Ground out U3 (Groundball, 34) | | Batting: RHB Christian Brown | 0-0: Ball 1-0: Ball 2-0: SINGLE (Groundball, 4D) | | Batting: LHB Adam Winston | 0-0: Swinging Strike 0-1: Foul Ball, location: 2F 0-2: Ball 1-2: Ball 2-2: Ball 3-2: Fly out, F8 (Flyball, 8LD) | | Batting: RHB Aaron Eller | 0-0: Called Strike 0-1: Foul Ball, location: 2F 0-2: Ball 1-2: Strikes out swinging | | Top of the 9th over - 0 runs, 1 hit, 0 errors, 1 left on base; Florida 5 - Boston College 2 | | BOTTOM OF THE 9TH |
|---|
| Boston College Eagles batting - Pitching for Florida Gators : LHP Victor Acevedo | | Now at C: Dan Pollard | | | Batting: LHB Chris Gurski | 0-0: Called Strike 0-1: Fly out, F7 (Flyball, 7LSF) | | Batting: RHB Bob Stevens | 0-0: Called Strike 0-1: Foul Ball, location: 2F 0-2: Ball 1-2: Ground out 6-3 (Groundball, 6) | | Batting: RHB Pete Rodgers | 0-0: Fly out, F4 (Popup, 4) | | Bottom of the 9th over - 0 runs, 0 hits, 0 errors, 0 left on base; Florida 5 - Boston College 2 | |